 Seeded DCSS version 0.29-a0-902-g0f71de6fce (webtiles) character file.

Game seed: 32220775 (custom seed)

2082 purpskrrrp the Spear-Bearer (level 9, 0/72 HPs)
             Began as a Minotaur Fighter on July 25, 2022.
             Was an Initiate of Gozag.
             Slain by a hornet (9 damage)
             ... on level 7 of the Dungeon.
             The game lasted 00:26:13 (8303 turns).

purpskrrrp the Spear-Bearer (Minotaur Fighter)      Turns: 8303, Time: 00:26:17

Health: 0/72       AC: 10    Str: 26    XL:     9   Next: 6%
Magic:  8/8        EV: 10    Int:  5    God:    Gozag
Gold:   542        SH:  0    Dex:  9    Spells: 8/8 levels left

rFire   + . .      SeeInvis .   v - +2 trident (protect)
rCold   . . .      Faith    .   (no shield)
rNeg    . . .      Spirit   .   b - +0 scale mail
rPois   .          Reflect  .   (helmet restricted)
rElec   .          Harm     .   i - +0 cloak
rCorr   .          Rampage  .   j - +0 pair of gloves
Will    .....                   r - +0 pair of boots
Stlth   ..........              (no amulet)
HPRegen 0.22/turn               A - ring of protection from fire
MPRegen 0.11/turn               (no ring)

@: lethally poisoned (0 -> -2)
A: horns 2, retaliatory headbutt
a: Renounce Religion, Potion Petition, Call Merchant, Bribe Branch


You were on level 7 of the Dungeon.
You worshipped Gozag.
Gozag was pleased with you.
You visited 2 branches of the dungeon, and saw 8 of its levels.

You collected 640 gold pieces.
You paid 98 gold pieces to Gozag.

Inventory:

Hand Weapons
 a - a +0 flail
 g - a +0 arbalest
 l - a +0 scythe
 v - a +2 trident of protection (weapon)
Missiles
 e - 5 javelins (quivered)
 h - 7 poisoned darts
 q - 3 silver javelins
Armour
 b - a +0 scale mail (worn)
 c - a +0 buckler
 i - a +0 cloak (worn)
 j - a +0 pair of gloves (worn)
 m - a +2 robe of positive energy
 r - a +0 pair of boots (worn)
 u - a +1 plate armour
Jewellery
 A - a ring of protection from fire (left hand)
Wands
 d - a wand of polymorph (6)
Scrolls
 o - a scroll of fog
Potions
 f - 2 potions of cancellation
 n - 2 potions of attraction
 p - 4 potions of degeneration
 t - a potion of lignification
 w - 2 potions of heal wounds
 x - a potion of haste
 z - a potion of flight {unknown}


   Skills:
 - Level 4.3 Fighting
 - Level 4.7 Maces & Flails
 - Level 10.8 Polearms
 + Level 5.2 Ranged Weapons
 - Level 0.2 Throwing
 - Level 4.8 Armour
 - Level 1.2 Dodging
 - Level 0.2 Stealth
 - Level 4.6 Shields


You had 8 spell levels left.
You didn't know any spells.
Your spell library contained the following spells:

 Spells                   Type           Power      Damage    Failure   Level
 Summon Small Mammal      Summ           0%         N/A       75%         1
 Ensorcelled Hibernation  Hex/Ice        0%         N/A       87%         2
 Passwall                 Tmut/Erth      0%         N/A       87%         2
 Call Canine Familiar     Summ           0%         N/A       98%         3
 Summon Guardian Golem    Hex/Summ       0%         N/A       98%         3
 Swiftness                Air            0%         N/A       98%         3


Dungeon Overview and Level Annotations

Branches:
Dungeon (7/15)             Temple (1/1) D:5

Altars:
Ashenzari
Cheibriados
Dithmenos
Elyvilon
Fedhas
Gozag
Hepliaklqana
Kikubaaqudgha
Makhleb
Nemelex Xobeh
Qazlal
Ru
Sif Muna
Trog
Uskayaw
Vehumet
Wu Jian
Xom
Yredelemnul
Zin
The Shining One

Shops:
D:4 (


Innate Abilities, Weirdness & Mutations

You have a pair of horns on your head.
You reflexively headbutt those who attack you in melee.


Message History

You feel yourself speed up. The hornet stings you.
You are poisoned.
You feel yourself slow down.
The centaur unwields a +0 shortbow.
The centaur completely misses you. You furiously retaliate!
You headbutt the centaur!
The centaur kicks you but does no damage.
The centaur attacks as you move away!
The centaur hits you but does no damage.
The centaur kicks you but does no damage.
The hornet attacks as you move away!
The hornet stings you but does no damage.
You feel yourself speed up.
You feel very sick. The hornet closely misses you.
The hornet barely misses you. The hornet attacks as you move away!
The hornet stings you!
You feel yourself slow down.
You feel yourself speed up.
You feel sick.
A centaur comes into view. It is wielding a +0 glaive.
The centaur attacks as you move away! The centaur closely misses you.
You furiously retaliate!
You headbutt the centaur.
The centaur kicks you but does no damage.
You feel sick.
The centaur shouts!
You hear a shout!
The centaur wields a +0 shortbow.
The centaur shoots an arrow.
The arrow hits you!
* * * LOW HITPOINT WARNING * * *
You feel sick.
You feel sick.
The centaur shoots an arrow.
The arrow hits you.
* * * LOW HITPOINT WARNING * * *
You feel sick.
There is a stone staircase leading up here.
You feel sick.
The centaur shoots an arrow.
The arrow hits you.
* * * LOW HITPOINT WARNING * * *
The centaur shoots an arrow.
The arrow hits you.
* * * LOW HITPOINT WARNING * * *
The hornet stings you!
You die...
Your body crumbles into a pile of gold.

##...........#
###.....#......#
#..#....#......#
#....#.........#
#....#.........##
##...............
##....#)..).......
#.....##).##......
##.....#@.# #.##..
###..##.#.y####..
#....#..#.cW.# ..
###..##.5###5.## .. ##
#....#[5..y....# . #.
##...#oc#W#.#...... ###..
###[...###.........
#....####.##..###.##......
#.....#.....$.#..........


You could see a hornet, a phantom, a centaur and an ufetubus.

Vanquished Creatures
  Sigmund (D:3)
  The ghost of Gus979 the Chopper, an amateur HOFi (D:4)
  A water moccasin (D:6)
  2 orc warriors (D:6)
  3 black bears
  An ogre (D:6)
  A sky beast (D:7)
  A kobold brigand (D:6)
  A bullfrog (D:6)
  2 scorpions
  2 necrophages (D:6)
  3 howler monkeys (D:6)
  4 orc priests
  2 hounds
  7 iguanas
  An orc wizard (D:7)
  6 adders
  2 ufetubi (D:5)
  2 dart slugs
  27 orcs
  2 endoplasms
  4 giant cockroaches
  5 goblins
  4 hobgoblins
  3 quokkas
  6 ball pythons
  6 bats
  3 frilled lizards (D:1)
  7 kobolds
  6 rats
116 creatures vanquished.

Vanquished Creatures (others)
  9 plants (D:5)
9 creatures vanquished.

Grand Total: 125 creatures vanquished

Notes
Turn   | Place    | Note
-------+----------+-------------------------------------------
     0 | D:1      | purpskrrrp the Minotaur Fighter began the quest for the
                  | Orb.
     0 | D:1      | Reached XP level 1. HP: 19/19 MP: 0/0
   193 | D:1      | Reached XP level 2. HP: 21/27 MP: 1/1
  1008 | D:2      | Found a faded altar of an unknown god.
  1248 | D:2      | Reached XP level 3. HP: 33/33 MP: 2/2
  1743 | D:3      | Noticed Sigmund
  1874 | D:3      | Killed Sigmund
  1875 | D:3      | Reached skill level 1 in Dodging
  1875 | D:3      | Reached XP level 4. HP: 41/41 MP: 3/3
  1875 | D:3      | Reached XP level 5. HP: 47/47 MP: 4/4
  2736 | D:4      | Reached skill level 2 in Polearms
  2736 | D:4      | Reached XP level 6. HP: 26/53 MP: 5/5
  3010 | D:4      | Found Duyd's Weapon Emporium.
  3111 | D:4      | Reached skill level 3 in Polearms
  3122 | D:4      | Found a runed translucent door.
  3123 | D:4      | Noticed Gus979's ghost (amateur HOFi)
  3622 | D:4      | Killed Gus979's ghost
  3623 | D:4      | Reached skill level 5 in Polearms
  3770 | D:5      | Entered Level 5 of the Dungeon
  3778 | D:5      | Reached XP level 7. HP: 53/60 MP: 6/6
  3903 | D:5      | Reached skill level 6 in Polearms
  4082 | D:5      | Found a glowing golden altar of the Shining One.
  4144 | D:5      | Found a staircase to the Ecumenical Temple.
  4152 | Temple   | Entered the Ecumenical Temple
  4378 | Temple   | Became a worshipper of Gozag Ym Sagoz the Greedy
  4569 | D:5      | Reached skill level 7 in Polearms
  5542 | D:6      | Found a hazy altar of Hepliaklqana.
  5542 | D:6      | Found a burning altar of Makhleb.
  5546 | D:6      | Reached skill level 8 in Polearms
  5876 | D:6      | Found a shadowy altar of Dithmenos.
  5885 | D:6      | Reached XP level 8. HP: 55/67 MP: 7/7
  5962 | D:6      | Reached skill level 9 in Polearms
  6186 | D:6      | Reached skill level 10 in Polearms
  6389 | D:6      | Found a radiant altar of Vehumet.
  7379 | D:6      | Reached skill level 1 in Ranged Weapons
  8102 | D:7      | Reached XP level 9. HP: 49/72 MP: 8/8
  8114 | D:7      | Reached skill level 5 in Ranged Weapons
  8303 | D:7      | Slain by a hornet

Illustrated notes

Levels and vault maps discovered:
D:1:      dpeg_arrival_erosion, layout_loops_ring
D:2:      layout_loops_ring, basic_ecumenical_altar
D:3:      wander_river, layout_loops_cross, uniq_sigmund
D:4:      layout_loops_ring, serial_shops, shop, ebering_ghost_reflecting_pool
D:5:      layout_rooms, nicolae_tso_swordbearing_angel,
          minmay_temple_entry_gardened_gates, serial_bayou,
          serial_bayou_shore_b, serial_bayou_lake_a, serial_bayou_shore_a,
          serial_bayou_crossing, serial_bayou_shore_b
D:6:      wad_river_or_something, layout_loops_ring,
          mainiacjoe_overflow_small_starburst,
          grunt_dithmenos_smoke_and_mirrors, nicolae_overflow_two_pavilions,
          st_stairs_13
D:7:      layout_cave_pools, okawaru_ov_weapons_minmay, minmay_alternating_orb
Temple:   nicolae_temple_bog_church

Skill      XL: |  1  2  3  4  5  6  7  8  9 |
---------------+----------------------------+-----
Shields        | 4 |  4.6
Armour         | 4 |  4.8
Fighting       | 4 |  4.3
Maces & Flails | 4 |  4.7
Dodging        | 1 |  1.2
Polearms       | 2 5 8 10 | 10.8
Ranged Weapons | 4 5 |  5.2
Throwing       | |  0.2
Stealth        | |  0.2

Action                   |  1- 3 |  4- 6 |  7- 9 || total
-------------------------+-------+-------+-------++-------
Melee: Flail             |    87 |       |       ||    87
       Headbutt          |     9 |     9 |    30 ||    48
       Halberd           |       |    76 |   134 ||   210
       Trident           |       |       |    46 ||    46
       Punch             |       |       |     1 ||     1
 Fire: Arbalest          |       |       |    34 ||    34
Throw: Javelin           |     2 |       |       ||     2
  Use: Scroll            |     4 |     6 |     9 ||    19
       Potion            |     1 |     1 |     3 ||     5
Armor: Scale mail        |    47 |    37 |   102 ||   186
Dodge: Dodged            |    40 |    30 |   133 ||   203
Block: Buckler           |    28 |       |       ||    28

Table legend: (Time is in decaauts)
 A = Elapsed time spent in this place.
 B = Non-inter-level travel time spent in this place.
 C = Inter-level travel time spent in this place.
 D = Time resting spent in this place.
 E = Time spent auto-exploring this place.
 F = Levels seen in this place.
 G = Mean time per level.
                   A        B        C        D        E       F      G
               +--------+--------+--------+--------+--------+-----+--------+
         Total |   8475 |   7885 |    590 |   1492 |   5174 |   8 | 1059.4 |
       Dungeon |   8207 |   7655 |    552 |   1492 |   4993 |   7 | 1172.4 |
        Temple |    267 |    229 |     38 |      0 |    181 |   1 |  267.0 |
               +--------+--------+--------+--------+--------+-----+--------+

Top non-repeatable levels by time:
     D:6: 2759 daAuts
     D:5: 1309 daAuts
     D:4: 1097 daAuts
     D:2: 1017 daAuts
     D:3: 887 daAuts
     D:1: 848 daAuts
     D:7: 287 daAuts
  Temple: 267 daAuts
